AoeStats
← DocPee

Arabia

508702886Analyzed
1v1 RM · 8d ago on Sep 23, 2026· 45m 41s· 2 players
Game mode
Random Map
Map size
Tiny (2 player)
Population
200
Speed
Normal
Resources
Standard
Victory
Conquest
Starting age
Dark Age
Ending age
Imperial Age
RankedLock teamsTeams togetherTeam positionsShared explorationLock speedFull tech treeHidden civsTurbo modeCheats
Victory
Defeat
🇩🇪 Japanese · Germany
758
+15
🇬🇧 Franks · United Kingdom
734
-15
hal_96
10:19 Feudal Age
11:13 Double-Bit Axe
13:12 Loom
13:41 Forging
13:38 Scale Barding Armor
21:44 Castle Age
22:03 Stone Mining
22:03 Gold Mining
22:12 Fletching
22:23 Scale Mail Armor
22:54 Husbandry
22:56 Bodkin Arrow
23:29 Chain Barding Armor
24:58 Gold Shaft Mining
25:19 Bow Saw
28:03 Town Watch
30:42 Iron Casting
31:57 Bodkin Arrow
33:23 Wheelbarrow
33:06 Ordonnance Companies
37:21 Ballistics
40:20 Imperial Age
38:32 Man-at-Arms
38:57 Gambesons
43:48 Cavalier
46:01 Conscription
DocPee
7:46 Loom
10:34 Feudal Age
13:01 Wheelbarrow
13:52 Double-Bit Axe
13:49 Horse Collar
17:13 Stone Mining
21:35 Gold Mining
24:56 Castle Age
23:17 Scale Mail Armor
24:58 Stone Mining
26:27 Bow Saw
26:33 Forging
26:39 Chain Mail Armor
25:50 Pikeman
27:59 Squires
36:03 Arson
37:00 Iron Casting
39:51 Imperial Age
38:16 Fletching
39:21 Gold Shaft Mining
40:50 Ballistics
41:30 Conscription
43:18 Yasama
44:53 Kataparuto
Connection lost

Rejoining the realm…

Still unreachable

The connection could not be restored.

Session expired

The server has moved on; the page needs a fresh start.